 Dungeon Crawl Stone Soup version 0.21.1-1-g345015fe64 (webtiles) character file.

487 Kohma the Shield-Bearer (level 7, -4/44 HPs)
             Began as a Gargoyle Fighter on June 16, 2018.
             Slain by spacerossing's ghost (5 damage)
             ... on level 4 of the Dungeon.
             The game lasted 00:13:08 (3856 turns).

Kohma the Shield-Bearer (Gargoyle Fighter)          Turns: 3856, Time: 00:13:08

Health: -4/44      AC: 15    Str: 21    XL:     7   Next: 13%
Magic:  7/7        EV:  7    Int:  9    God:
Gold:   151        SH: 10    Dex:  9    Spells: 6/6 levels left

rFire    . . .     SeeInvis .   a - +0 flail
rCold    . . .     Gourm    .   c - +0 shield
rNeg     + . .     Faith    .   b - +0 scale mail
rPois    ∞         Spirit   .   s - +0 hat
rElec    +         Reflect  .   (no cloak)
rCorr    .         Harm     .   p - +2 pair of gloves
MR       .....                  (no boots)
Stlth    ..........             (no amulet)
HPRegen  0.14/turn              (no ring)
MPRegen  0.10/turn              (no ring)

@: no status effects
A: negative energy resistance 1, electricity resistance, unbreathing,
petrification resistance, rot immunity, AC +4
a: no special abilities


You were on level 4 of the Dungeon.
You were not hungry.

You visited 1 branch of the dungeon, and saw 4 of its levels.

You collected 151 gold pieces.

Inventory:

Hand Weapons
 a - a +0 flail (weapon)
 u - a cursed -1 war axe
 w - a +0 blowgun
Missiles
 m - 4 curare-tipped needles
 x - 36 poisoned needles
Armour
 b - a +0 scale mail (worn)
 c - a +0 shield (worn)
 p - a +2 pair of gloves (worn)
 s - a +0 hat (worn)
Wands
 o - a wand of polymorph (14)
 y - a wand of paralysis (18)
Scrolls
 g - 2 scrolls of teleportation {unknown}
 h - 3 scrolls of identify
 i - a scroll of remove curse {unknown}
 j - a scroll of fear {unknown}
 k - a scroll of enchant armour {unknown}
 l - 3 scrolls of enchant weapon {unknown}
 n - a scroll of magic mapping {unknown}
 q - 2 scrolls of immolation {unknown}
Potions
 d - a potion of might
 e - a potion of heal wounds
 r - a potion of curing {unknown}
 t - a potion of brilliance {unknown}
Comestibles
 f - 2 rations
 v - 4 chunks of flesh


   Skills:
 + Level 4.6 Fighting
 * Level 4.5 Maces & Flails
 + Level 4.5 Armour
 * Level 5.7 Shields


You had 6 spell levels left.
You didn't know any spells.

Dungeon Overview and Level Annotations

Branches:
Dungeon (4/15)
 Temple: D:4-7

Altars:
Cheibriados

Annotations:
D:2 Sigmund
D:4 spacerossing's ghost, novice OgBe


Innate Abilities, Weirdness & Mutations

You are resistant to torment.
Your stone body is resilient. (AC +4)
You are immune to poison.
You resist negative energy. (rN+)
You are resistant to electric shocks. (rElec)
You can survive without breathing.
You are immune to petrification.
You are immune to rotting.


Message History

You block spacerossing's ghost's attack. x2
You hit spacerossing's ghost but do no damage.
Spacerossing's ghost is lightly damaged.
Spacerossing's ghost closely misses you.
You barely miss spacerossing's ghost.
Spacerossing's ghost is lightly damaged.
Spacerossing's ghost hits you!
You thump spacerossing's ghost!
Spacerossing's ghost is moderately damaged.
Spacerossing's ghost completely misses you.
Your shield and scale mail prevent you from hitting spacerossing's ghost.
Spacerossing's ghost is moderately damaged.
Spacerossing's ghost hits you!
You block spacerossing's ghost's attack.
You thump spacerossing's ghost!
Spacerossing's ghost is heavily damaged.
Spacerossing's ghost hits you!
* * * LOW HITPOINT WARNING * * *
x2 Spacerossing's ghost hits you.
You die...

####. ##......# ....
#.......# #.###.......#
#...........#
#.####..##.......#
#........#.......######
######...#.............
######)..#>............
#.....@..###.#.#######.
#.###.#W.###.#... #
#.#......#######
#....#.#.......#
#.##.#.........#
.######.....#######
..................
#######........##.
#.######.#


You could see spacerossing's ghost.

Vanquished Creatures
  The ghost of denis1488 the Slasher, an amateur DrMo (D:3)
  An ogre (D:4)
  An orc priest (D:3)
  An orc wizard (D:3)
  A worker ant (D:4)
  9 adders
  2 oozes
  A worm (D:2)
  2 dart slugs
  3 leopard geckos (D:1)
  3 orcs (D:2)
  8 bats
  2 giant cockroaches
  7 goblins
  8 hobgoblins
  8 jackals
  3 quokkas
  5 ball pythons
  3 frilled lizards
  9 kobolds
  8 rats
86 creatures vanquished.

Notes
Turn   | Place    | Note
-------+----------+-------------------------------------------
     0 | D:1      | Kohma the Gargoyle Fighter began the quest for the Orb.
     0 | D:1      | Reached XP level 1. HP: 14/14 MP: 1/1
   112 | D:1      | Reached XP level 2. HP: 16/19 MP: 2/2
   199 | D:2      | Noticed Sigmund
   604 | D:1      | Reached XP level 3. HP: 23/23 MP: 3/3
   963 | D:1      | Reached skill level 4 in Shields
  1244 | D:4      | Noticed an ogre
  1246 | D:4      | Noticed spacerossing's ghost (novice OgBe)
  1687 | D:2      | Reached XP level 4. HP: 29/29 MP: 4/4
  2666 | D:3      | Reached XP level 5. HP: 8/33 MP: 5/5
  3245 | D:3      | Noticed denis1488's ghost (amateur DrMo)
  3323 | D:3      | Killed denis1488's ghost
  3323 | D:3      | Reached skill level 5 in Shields
  3323 | D:3      | Reached XP level 6. HP: 31/39 MP: 6/6
  3738 | D:3      | Found a snail-covered altar of Cheibriados.
  3769 | D:4      | Reached XP level 7. HP: 42/44 MP: 7/7
  3855 | D:4      | HP: 1/44 [spacerossing's ghost (2)]
  3856 | D:4      | Slain by spacerossing's ghost

Skill      XL: |  1  2  3  4  5 |
---------------+----------------+-----
Shields        | 4 5 |  5.7
Maces & Flails | 3 4 |  4.5
Fighting       | 4 |  4.6
Armour         | 4 |  4.5

Action                   |  1- 3 |  4- 6 |  7- 9 || total
-------------------------+-------+-------+-------++-------
Melee: Flail             |   159 |   276 |    17 ||   452
  Use: Scroll            |       |     1 |       ||     1
       Potion            |       |     1 |       ||     1
  Eat: Chunk             |     1 |     2 |     1 ||     4
       Ration            |       |     2 |       ||     2
Armor: Scale mail        |    76 |   193 |     8 ||   277
Dodge: Dodged            |    45 |   100 |     5 ||   150
Block: Shield            |    89 |   187 |     8 ||   284
